 Dungeon Crawl Stone Soup version 0.30-a0-134-gb40fab5c76 (webtiles) character file.

Game seed: 5564877675576245438

76 greasedhog the Trooper (level 4, -3/30 HPs)
             Began as a Gargoyle Chaos Knight on Sept 19, 2022.
             Was a Plaything of Xom.
             Slain by Sigmund
             ... wielding a +0 scythe
              (5 damage)
             ... on level 2 of the Dungeon.
             The game lasted 00:02:45 (1902 turns).

greasedhog the Trooper (Gargoyle Chaos Knight)      Turns: 1902, Time: 00:02:46

Health: -3/30      AC: 10    Str: 18    XL:     4   Next: 32%
Magic:  4/4        EV: 10    Int: 12    God:    Xom [...*..]
Gold:   1007       SH:  0    Dex:  9    Spells: 3/3 levels left

rFire   . . .      SeeInvis .    a - +0 mace (flame)
rCold   . . .      Faith    .    (no shield)
rNeg    + . .      Spirit   .    g - +0 ring mail
rPois   ∞          Reflect  .    j - +1 hat
rElec   +          Harm     .    (no cloak)
rCorr   .          Rampage  .    (no gloves)
Will    .....                    (no boots)
Stlth   ..........               (no amulet)
HPRegen 0.10/turn                (no ring)
MPRegen 0.09/turn                (no ring)

@: no status effects
A: sickness immunity, AC +3, negative energy resistance 1, electricity
resistance, torment resistance 1, petrification resistance
a: Renounce Religion


You were on level 2 of the Dungeon.
You worshipped Xom.
You were a favourite toy of Xom.
You visited 1 branch of the dungeon, and saw 2 of its levels.

You collected 1007 gold pieces.

Inventory:

Hand Weapons
 a - a +0 mace of flaming (weapon)
Armour
 g - a +0 ring mail (worn)
 j - a +1 hat (worn)
 l - a +0 scale mail
Jewellery
 d - a ring of ice
Scrolls
 b - a scroll of identify
 e - a scroll of blinking
 i - 2 scrolls of teleportation
Miscellaneous
 c - a piece from Xom's chessboard (15/15) (quivered)


   Skills:
 * Level 4.5 Fighting
 * Level 4.1 Maces & Flails
 - Level 2.1 Armour
 - Level 0.7 Dodging


You had 3 spell levels left.
You didn't know any spells.
Your spell library was empty.

Dungeon Overview and Level Annotations

Branches:
Dungeon (2/15)

Altars:
Okawaru
Xom

Annotations:
D:2 Sigmund


Innate Abilities, Weirdness & Mutations

You are immune to sickness and miasma.
Your stone body is resilient. (AC +3)
You are immune to poison.
You resist negative energy. (rN+)
You are resistant to electric shocks. (rElec)
You are resistant to unholy torment.
You are immune to petrification.


Message History

Deactivating autopickup; reactivate with Ctrl-A.
There is a stone staircase leading up here.
You hit the ball python. You burn the ball python.
You kill the ball python!
Something hits you. Something hits you.
You miss something. You punch something. You hit something but do no damage.
Something hits you but does no damage.
You closely miss something.
You hear some strange, mumbled words.
A magic dart appears from out of thin air!
The magic dart hits you.
You miss something. Something hits you.
You hit something. You burn something.
You hear some strange, mumbled words.
You are confused.
You hit something. You burn something. Something hits you but does no damage.
You miss something. Something hits you.
You're too confused to move!
Something hits you.
You feel less confused. Something hits you.
* * * LOW HITPOINT WARNING * * *
You miss something. Something hits you.
* * * LOW HITPOINT WARNING * * *
You hit something. You burn something.
You hear some strange, mumbled words.
You are confused.
Something completely misses you. Something hits you.
* * * LOW HITPOINT WARNING * * *
You bump into the rock wall.
You hear some strange, mumbled words.
Something tries to affect you, but you resist.
Something tries to affect you, but you resist.
Something hits you but does no damage.
You feel less confused.
You hear some strange, mumbled words.
A magic dart appears from out of thin air!
The magic dart hits you but does no damage.
You barely miss something. Something hits you.
You die...

...................#.....##......
...................#.....######..
...................#,....###* #..
..#####............#,.......###.#
..# #............#,#........#.#
..# #............#,***#...#.#.#
..#####............#,* *#......#
.....#####.#####...#,* #...####
................@..#,* ###.......
...............{...#,* #......##.
.................###+###.........
.......###.###.<.......#.........
.......# #.# #.........#.........
.......# #.#*#.........#.......#.
.......# #.#,........#######+#.#.
.......###.#.#.........,,,,,,#.##
[........#...#.#########*****#.#,


There were no monsters in sight!

Vanquished Creatures
  2 adders
  A dart slug (D:1)
  3 ball pythons
  2 endoplasms
  2 giant cockroaches
  4 goblins (D:1)
  5 hobgoblins (D:1)
  5 jackals (D:2)
  3 quokkas
  5 bats
  4 frilled lizards
  7 kobolds (D:1)
  8 rats (D:1)
51 creatures vanquished.

Vanquished Creatures (collateral kills)
  4 rats (D:1)
4 creatures vanquished.

Vanquished Creatures (others)
  A hobgoblin zombie (D:1)
  A quokka zombie (D:1)
  9 plants (D:1)
11 creatures vanquished.

Grand Total: 66 creatures vanquished

Notes
Turn   | Place    | Note
-------+----------+-------------------------------------------
     0 | D:1      | greasedhog the Gargoyle Chaos Knight began the quest for
                  | the Orb.
     0 | D:1      | Reached XP level 1. HP: 14/14 MP: 1/1
   166 | D:1      | Reached XP level 2. HP: 17/19 MP: 2/2
   378 | D:1      | XOM: divination: magic mapping
   480 | D:1      | Reached XP level 3. HP: 24/24 MP: 3/3
   494 | D:1      | XOM: potion effect (heal wounds)
   836 | D:1      | XOM is BORED!
   836 | D:1      | XOM: noise
   863 | D:1      | XOM: cast spell 'Call Canine Familiar'
  1056 | D:1      | XOM: scenery: 1 doors open
  1286 | D:2      | Reached XP level 4. HP: 30/30 MP: 4/4
  1333 | D:2      | XOM: 1-stop teleportation journey
  1414 | D:2      | XOM: god gift: orange potion {god gift}
  1479 | D:2      | XOM: polymorph goblin -> bat
  1527 | D:2      | Found an iron altar of Okawaru.
  1551 | D:2      | Noticed Sigmund
  1567 | D:2      | Identified a scroll of acquirement
  1567 | D:2      | Acquired 936 gold pieces
  1601 | D:1      | XOM: scenery: create altars
  1702 | D:1      | XOM: summons 3 hostile demons
  1902 | D:2      | Slain by Sigmund

Illustrated notes

Levels and vault maps discovered:
D:1:      dpeg_arrival_ratfight, layout_basic, minmay_misc_feat_tower,
          lexackson_kobold_supper
D:2:      layout_basic, basic_altar, uniq_sigmund

Skill      XL: |  1  2  3  4 |
---------------+-------------+-----
Fighting       | 4 |  4.5
Maces & Flails | 4 |  4.1
Armour         | |  2.1
Dodging        | |  0.7

Action                   |  1- 3 |  4- 6 || total
-------------------------+-------+-------++-------
Melee: Mace              |   124 |    72 ||   196
       Punch             |       |     1 ||     1
  Use: Scroll            |     3 |     2 ||     5
       Potion            |       |     2 ||     2
Armor: Leather armour    |     5 |       ||     5
       Ring mail         |    86 |    82 ||   168
Dodge: Dodged            |    93 |    90 ||   183

Table legend: (Time is in decaauts)
 A = Elapsed time spent in this place.
 B = Non-inter-level travel time spent in this place.
 C = Inter-level travel time spent in this place.
 D = Time resting spent in this place.
 E = Time spent auto-exploring this place.
 F = Levels seen in this place.
 G = Mean time per level.
                   A        B        C        D        E       F      G
               +--------+--------+--------+--------+--------+-----+--------+
         Total |   1943 |   1909 |     34 |    245 |   1193 |   2 |  971.5 |
       Dungeon |   1943 |   1909 |     34 |    245 |   1193 |   2 |  971.5 |
               +--------+--------+--------+--------+--------+-----+--------+

Top non-repeatable levels by time:
     D:1: 1584 daAuts
     D:2: 359 daAuts
